 Dungeon Crawl Stone Soup version 0.29.1-15-g9cfb28693d (webtiles) character file.

Game seed: 18072732393970300919

77 Descartes the Magician (level 4, -1/24 HPs)
             Began as a Deep Elf Fire Elementalist on Mar 30, 2023.
             Succumbed to an adder's poison
             ... on level 2 of the Dungeon.
             The game lasted 00:01:56 (1364 turns).

Descartes the Magician (Deep Elf Fire Elementalist) Turns: 1364, Time: 00:01:56

Health: -1/24      AC:  3    Str:  5    XL:     4   Next: 13%
Magic:  1/12       EV: 10    Int: 22    God:
Gold:   39         SH:  7    Dex: 15    Spells: 10/11 levels left

rFire   . . .      SeeInvis .   n - +2 short sword (speed)
rCold   . . .      Faith    .   m - +0 kite shield
rNeg    . . .      Spirit   .   a - +0 robe
rPois   .          Reflect  .   (no helmet)
rElec   .          Harm     .   (no cloak)
rCorr   .          Rampage  .   (no gloves)
Will    .....                   p - +0 pair of boots
Stlth   ++........              (no amulet)
HPRegen 0.08/turn               (no ring)
MPRegen 0.13/turn               (no ring)

@: lethally poisoned (-1 -> -14), very slightly contaminated
A: no striking features
a: no special abilities


You were on level 2 of the Dungeon.
You visited 1 branch of the dungeon, and saw 2 of its levels.

You collected 39 gold pieces.

Inventory:

Hand Weapons
 n - a +2 short sword of speed (weapon)
Missiles
 i - 2 javelins
Armour
 a - a +0 robe (worn)
 m - a +0 kite shield (worn)
 p - a +0 pair of boots (worn)
Scrolls
 c - 2 scrolls of immolation {unknown}
 f - a scroll of torment {unknown}
 g - a scroll of magic mapping {unknown}
 k - a scroll of vulnerability {unknown}
 l - a scroll of enchant armour {unknown}
 o - a scroll of teleportation {unknown}
Potions
 b - a potion of magic
 d - a potion of mutation {unknown}
 e - 2 potions of lignification {unknown}
 h - a potion of curing {unknown}
 j - a potion of cancellation {unknown}


   Skills:
 - Level 2.4 Dodging
 - Level 2.4 Stealth
 + Level 4.0 Spellcasting
 + Level 2.3 Conjurations
 + Level 3.9 Fire Magic
 + Level 1.9 Poison Magic


You had 10 spell levels left.
You knew the following spells:

 Your Spells              Type           Power      Damage    Failure   Level
a - Foxfire               Conj/Fire      72%        2x1d7     12%         1

Your spell library contained the following spells:

 Spells                   Type           Power      Damage    Failure   Level
 Scorch                   Fire           42%        2d7       12%         2
 Conjure Flame            Conj/Fire      18%        6-21      34%         3
 Inner Flame              Hex/Fire       13%        N/A       50%         3
 Flame Wave               Conj/Fire      18%        2d7       75%         4


Dungeon Overview and Level Annotations

Branches:
Dungeon (2/15)

Altars:

Annotations:
D:2 Natasha


Message History

The puff of frost hits you!
The crimson imp hits you but does no damage.
Unknown command.
Casting: Foxfire (safe; 12% risk of failure)
Confirm with . or Enter, or press ? or * to list all spells.
You don't have enough magic to cast this spell.
Casting: Foxfire (safe; 12% risk of failure)
Confirm with . or Enter, or press ? or * to list all spells.
You don't have enough magic to cast this spell.
Unknown command.
Unknown command.
Casting: Foxfire (safe; 12% risk of failure)
Confirm with . or Enter, or press ? or * to list all spells.
You don't have enough magic to cast this spell.
The foxfire hits the crimson imp.
The crimson imp completely resists.
You block the adder's attack. The adder barely misses you.
You block the crimson imp's attack. You block Natasha's attack.
The crimson imp blinks!
Natasha claws you but does no damage. The adder barely misses you.
Casting: Foxfire (safe; 12% risk of failure)
Confirm with . or Enter, or press ? or * to list all spells.
You conjure some foxfire!
The adder bites you.
You are poisoned.
The adder poisons you! Natasha casts a spell at you.
You resist with some effort.
The foxfire hits the kobold.
You kill the kobold!
The crimson imp hits you but does no damage.
* * * LOW HITPOINT WARNING * * *
You feel sick.
The foxfire hits the crimson imp.
The crimson imp completely resists.
The crimson imp hits you.
* * * LOW HITPOINT WARNING * * *
* * * LOW HITPOINT WARNING * * *
You feel sick. The adder bites you.
* * * LOW HITPOINT WARNING * * *
You are more poisoned.
The adder poisons you! Natasha attacks as you move away!
You block Natasha's attack.
You die...

#.# #.# #.# ####### #.#
#########.....# #.#
#.............### #.#
#...............# #.#
#....5.)......#
###.########..@.S5.......#
#...............h........#
#.#.#######.####.###†....##
#.#....# #.# #.# ##.....#
#.#..#.# #.# #.# #.....+
#.####.# #.# #.# #.....#
#.#....# #.# #.# #.....#
#.#.#### #.# #+# #.....#
#.#.#######.# .....##


You could see Natasha, a crimson imp (summoned), an adder and a white imp
(summoned).

Vanquished Creatures
  Natasha (twice) (D:2)
  2 dart slugs (D:1)
  2 endoplasms (D:1)
  3 goblins (D:1)
  3 hobgoblins (D:1)
  3 quokkas (D:1)
  4 ball pythons (D:1)
  A frilled lizard (D:1)
  4 kobolds
24 creatures vanquished.

Vanquished Creatures (others)
  131 foxfires
131 creatures vanquished.

Grand Total: 155 creatures vanquished

Notes
Turn   | Place    | Note
-------+----------+-------------------------------------------
     0 | D:1      | Descartes the Deep Elf Fire Elementalist began the quest
                  | for the Orb.
     0 | D:1      | Reached XP level 1. HP: 10/10 MP: 6/6
   200 | D:1      | Reached XP level 2. HP: 15/15 MP: 0/8
   450 | D:1      | Reached skill level 1 in Poison Magic
  1226 | D:2      | Noticed Natasha
  1231 | D:2      | Killed Natasha
  1232 | D:2      | Reached XP level 3. HP: 19/19 MP: 3/10
  1244 | D:2      | Noticed Natasha
  1249 | D:2      | Killed Natasha
  1250 | D:2      | Reached skill level 4 in Spellcasting
  1250 | D:2      | Reached XP level 4. HP: 24/24 MP: 0/12
  1341 | D:2      | Noticed Natasha
  1364 | D:2      | Succumbed to an adder's poison

Illustrated notes

Levels and vault maps discovered:
D:1:      roderic_chinese_lattice_arrival, layout_rooms,
          minmay_misc_feat_four_crosses, hangedman_decor_diamond_cutter,
          minmay_pentomino_x4
D:2:      layout_basic, dreamdust_ecumenical_altar_angels_and_demons,
          nicolae_concentric_dashed_squares_mild,
          minmay_randomly_rotated_circles, uniq_natasha

Skill      XL: |  1  2  3 |
---------------+----------+-----
Poison Magic   | 1 |  1.9
Conjurations   | 2 |  2.3
Spellcasting   | 4 |  4.0
Dodging        | |  2.4
Stealth        | |  2.4
Fire Magic     | |  3.9

Action                   |  1- 3 |  4- 6 || total
-------------------------+-------+-------++-------
 Cast: Foxfire           |    71 |     9 ||    80
Armor: Robe              |       |     5 ||     5
Dodge: Dodged            |     4 |     9 ||    13
Block: Kite shield       |       |     8 ||     8
